 Dungeon Crawl Stone Soup version 0.31-a0-232-gb1c03b2570 (webtiles) character file.

Game seed: 1722508857065515384

44 qw the Shooter (level 3, 0/29 HPs)
             Began as a Minotaur Hexslinger on July 6, 2023.
             Killed from afar by Natasha (8 damage)
             ... with a magic dart
             ... on level 3 of the Dungeon.
             The game lasted 00:00:32 (1634 turns).

qw the Shooter (Minotaur Hexslinger)                Turns: 1634, Time: 00:00:33

Health: 0/29       AC:  3    Str: 12    XL:     3   Next: 41%
Magic:  3/3        EV: 12    Int: 10    God:
Gold:   60         SH:  0    Dex: 14    Spells: 3/4 levels left

rFire   . . .        Y - +1 sling
rCold   . . .        (no shield)
rNeg    . . .        c - +0 robe
rPois   .            (helmet restricted)
rElec   .            (no cloak)
rCorr   .            g - +0 pair of gloves
SInv    .            (no boots)
Will    .....        (no amulet)
Stlth   +            (no ring)
HPRegen 0.24/turn    (no ring)
MPRegen 0.08/turn

%: no passive effects
@: no status effects
A: horns 2, retaliatory headbutt
a: no special abilities


You were on level 3 of the Dungeon.
You visited 1 branch of the dungeon, and saw 3 of its levels.

You collected 60 gold pieces.


Innate Abilities, Weirdness & Mutations

You have a pair of horns on your head.
You reflexively headbutt those who attack you in melee.


   Skills:
 - Level 2.0 Fighting
 + Level 4.0 Ranged Weapons
 - Level 2.1 Dodging
 - Level 1.0 Spellcasting
 - Level 2.0 Hexes


You had 3 spell levels left.
You knew the following spells:

 Your Spells              Type           Power      Damage    Failure   Level
a - Slow                  Hex            16%        N/A       16%         1

Your spell library contained the following spells:

 Spells                   Type           Power      Damage    Failure   Level
 Inner Flame              Hex/Fire       2%         N/A       56%         3
 Portal Projectile        Hex/Tloc       4%         N/A       56%         3
 Cause Fear               Hex            2%         N/A       83%         4

Inventory:

Hand Weapons
 Y - a +1 sling (weapon)
Armour
 c - a +0 robe (worn)
 g - a +0 pair of gloves (worn)
Scrolls
 a - a scroll of identify
Potions
 f - a potion of might

Dungeon Overview and Level Annotations

Branches:
Dungeon (3/15)

Altars:
Sif Muna

Annotations:
D:3 Natasha


Message History

The cerulean imp hits you from afar with a +0 spear.
The cerulean imp barely misses you.
You shoot a sling bullet.
The sling bullet closely misses the cerulean imp.
The cerulean imp hits you from afar with a +0 spear.
The cerulean imp closely misses you.
The cerulean imp hits you from afar with a +0 spear.
1629 ||| DRINKING potion of heal wounds.
You feel much better.
The cerulean imp hits you but does no damage.
The cerulean imp misses you.
You shoot a sling bullet. The sling bullet hits the cerulean imp.
The cerulean imp is severely wounded.
The cerulean imp hits you with a +1 spear.
The cerulean imp hits you from afar with a +0 spear.
The cerulean imp closely misses you.
You shoot a sling bullet.
The sling bullet closely misses the cerulean imp.
The cerulean imp hits you from afar with a +0 spear.
The cerulean imp hits you but does no damage.
You shoot a sling bullet.
The sling bullet barely misses the cerulean imp.
Natasha mumbles some strange words.
The cerulean imp hits you from afar with a +0 spear.
The cerulean imp barely misses you.
You shoot a sling bullet.
The sling bullet hits the cerulean imp but does no damage.
The cerulean imp is severely wounded.
The cerulean imp hits you from afar with a +0 spear.
The cerulean imp barely misses you. You furiously retaliate!
You headbutt the cerulean imp!
You kill the cerulean imp!
The cerulean imp disappears in a puff of smoke!
The cerulean imp hits you from afar with a +1 spear.
You shoot a sling bullet.
The sling bullet hits the cerulean imp but does no damage.
The cerulean imp hits you from afar with a +0 spear.
Natasha casts a spell at you. The magic dart hits you!
You die...

#####..###.#..###..#
...........#......#####
....~.~~####.....#.....
.#~#~##.#####>..##.....
#.8#~...##...##.....
##~#..#....##...##.....
#.~.~5#~...##...##.....
#~....#######.....
#@....# #.....
+~..h_ยค~~###.# #.....
+..~~~5~.# .# #.....
~~~~~~#~.# # ######
#~.~~~##.# ~##~#~ #..
~.~ ~~# ## # ..


You could see Natasha and 2 cerulean imps.

Vanquished Creatures
  2 bats (D:1)
  2 bat zombies (D:2)
  6 endoplasms
  A giant cockroach (D:2)
  3 goblins (D:2)
  A hobgoblin (D:2)
  5 jackals (D:2)
  3 kobolds
  2 quokkas
  6 ball pythons
  2 frilled lizards
  5 rats
  A spectral goblin (D:3)
39 creatures vanquished.

Notes
Turn   | Place    | Note
-------+----------+-------------------------------------------
     0 | D:1      | qw the Minotaur Hexslinger began the quest for the Orb.
     0 | D:1      | Reached XP level 1. HP: 16/16 MP: 1/1
     0 | D:1      | 0 ||| qw: Version: 0.3-a-46-gb1f654a
     0 | D:1      | 0 ||| qw: Game counter: 2035
     0 | D:1      | 0 ||| qw: Melee chars always use a shield: true
     0 | D:1      | 0 ||| qw: God list: Okawaru
     0 | D:1      | 0 ||| qw: Allow faded altars: false
     0 | D:1      | 0 ||| qw: Do Orc after clearing Dungeon:15 true
     0 | D:1      | 0 ||| qw: Do second Lair branch before Depths: true
     0 | D:1      | 0 ||| qw: Lair rune preference: random
     0 | D:1      | 0 ||| qw: Goals: Normal
     0 | D:1      | 0 ||| PLANNING D:1-11
   404 | D:1      | Reached skill level 3 in Ranged Weapons
   404 | D:1      | Reached XP level 2. HP: 23/23 MP: 2/2
   695 | D:1      | 695 ||| DROPPING amulet of magic regeneration.
   696 | D:1      | 696 ||| READING 2 scrolls labelled QUMOIJOUCOIGH.
   697 | D:1      | 697 ||| READING scroll labelled VICOFI NAEL.
   698 | D:1      | 698 ||| READING scroll labelled TUYDYNATHA.
   699 | D:1      | 699 ||| DRINKING 2 black potions.
   700 | D:1      | 700 ||| DROPPING scroll of poison.
   912 | D:2      | Found a shimmering blue altar of Sif Muna.
  1130 | D:2      | Reached XP level 3. HP: 29/29 MP: 3/3
  1491 | D:2      | 1491 ||| UPGRADING to +0 pair of gloves.
  1496 | D:2      | 1496 ||| READING scroll labelled NOUPNAFYJI.
  1497 | D:2      | 1497 ||| READING scroll labelled RIFAINNEDIC.
  1501 | D:2      | 1501 ||| DRINKING 2 lumpy white potions.
  1502 | D:2      | 1502 ||| READING 2 scrolls of identify.
  1502 | D:2      | 1502 ||| IDENTIFYING fuming inky potion
  1503 | D:2      | 1503 ||| DROPPING potion of attraction.
  1598 | D:3      | Reached skill level 4 in Ranged Weapons
  1613 | D:3      | Found a faded altar of an unknown god.
  1615 | D:3      | Noticed Natasha
  1628 | D:3      | HP: 3/29 [cerulean imp/+0 spear[Natasha] (5)]
  1629 | D:3      | 1629 ||| DRINKING potion of heal wounds.
  1634 | D:3      | Killed from afar by Natasha

Levels and vault maps discovered:
D:1:      minmay_arrival_five_plusses, layout_loops_ring, chequers_arboretum,
          minmay_fountain_box, minivault_11
D:2:      layout_basic, basic_altar, serial_undead, serial_undead_b,
          serial_undead_d, serial_undead_e, serial_undead_d, kennysheep_doodads,
          minmay_goblin_kobold_house
D:3:      layout_basic, lemuel_tele_altar, serial_corexii_hall,
          corexii_hall_statues_i, corexii_hall_statues_x,
          dreamdust_ecumenical_altar_drowned_temple, uniq_natasha

Skill      XL: |  1  2  3 |
---------------+----------+-----
Ranged Weapons | 3 4 |  4.0
Fighting       | 2 |  2.0
Dodging        | |  2.1
Spellcasting   | |  1.0
Hexes          | |  2.0

Action                     || total
---------------------------++-------
   Fire: Sling             ||   113
    Use: Scroll            ||     6
         Potion            ||     3
 Armour: Robe              ||    17
  Dodge: Dodged            ||    45

Table legend:
 A = Non-vault XP
 B = Vault XP
 C = Vault XP percentage of total XP
 D = Non-vault monster count
 E = Vault monster count
 F = Vault count percentage of total count
                 A         B        C        D         E       F
            +---------+---------+-------+---------+---------+-------
      Total |      53 |      11 |  17.2 |      33 |       6 |  15.4
            +---------+---------+-------+---------+---------+-------
        D:1 |      21 |       0 |   0.0 |      14 |       0 |   0.0
        D:2 |      27 |      10 |  27.0 |      16 |       5 |  23.8
        D:3 |       5 |       1 |  16.7 |       3 |       1 |  25.0
            +---------+---------+-------+---------+---------+-------
